 Dungeon Crawl Stone Soup version 0.28.0-45-g0d030f2227 (webtiles) character file.

Game seed: 6508603452161617463

6 zeratav the Insei (level 1, -2/13 HPs)
             Began as an Octopode Transmuter on Apr 13, 2022.
             Slain by a goblin
             ... wielding a +0 club
              (3 damage)
             ... on level 1 of the Dungeon.
             The game lasted 00:00:08 (40 turns).

zeratav the Insei (Octopode Transmuter)               Turns: 40, Time: 00:00:08

Health: -2/13      AC:  1    Str:  9    XL:     1   Next: 90%
Magic:  3/3        EV: 13    Int: 15    God:
Gold:   0          SH:  0    Dex: 12    Spells: 3/4 levels left

rFire   . . .      SeeInvis .     - Unarmed
rCold   . . .      Faith    .   (no shield)
rNeg    . . .      Spirit   .   (helmet restricted)
rPois   .          Reflect  .   (no amulet)
rElec   .          Harm     .   (no ring)
rCorr   .          Rampage  .   (no ring)
Will    .....                   (no ring)
Stlth   ++........              (no ring)
HPRegen 0.04/turn               (no ring)
MPRegen 0.08/turn               (no ring)
                                (no ring)
                                (no ring)

@: no status effects
A: almost no armour, amphibious, 8 rings, camouflage 1, gelatinous body 1,
(nimble swimmer 1), tentacles
a: no special abilities


You were on level 1 of the Dungeon.
You visited 1 branch of the dungeon, and saw 1 of its levels.


Innate Abilities, Weirdness & Mutations

You cannot wear most types of armour.
You are amphibious.
You can wear up to eight rings at the same time.
Your skin changes colour to match your surroundings (Stealth+).
Your rubbery body absorbs attacks. (AC +1, EV +1)
((You are camouflaged when in or above water. (Stealth+)))
You have tentacles for arms and can constrict up to eight enemies at once.


   Skills:
 + Level 1.1 Fighting
 + Level 2.1 Dodging
 + Level 0.7 Stealth
 * Level 3.1 Unarmed Combat
 - Level 2.0 Spellcasting
 - Level 2.0 Transmutations


You had 3 spell levels left.
You knew the following spells:

 Your Spells              Type           Power      Damage    Failure   Level
a - Beastly Appendage     Tmut           14%        N/A       10%         1

Your spell library contained the following spells:

 Spells                   Type           Power      Damage    Failure   Level
 Wereblood                Tmut           7%         N/A       14%         2
 Spider Form              Tmut/Pois      4%         N/A       41%         3
 Ice Form                 Ice/Tmut       4%         N/A       82%         4

Inventory:

Scrolls
 a - a scroll of amnesia {unknown}

Dungeon Overview and Level Annotations

Branches:
Dungeon (1/15)

Altars:

##....#..###.....#
##.....#.####⌠...⌠#
#......##..#.######
#.......###.##
#.........###
#..........
#...........
##..........
##@b.......
#g†hg.....
#...).†......
#.##...K..... #.
.......... #
#.##....... ..
....... .._ .......
.#.. .......


You could see a jackal, a hobgoblin, a goblin, a bat and a kobold.


Message History

Found an escape hatch in the floor.
Found a staircase leading out of the dungeon.
There is a dry fountain, spattered with blood here.
a - a scroll labelled QIJUTE HAOTER 2 endoplasms come into view.
There are monsters nearby!
One of your tentacles grows a vicious spike.
MP[-1]
You lost 1 mp, and now have 2/3 mp.
A jackal comes into view.
A kobold comes into view. It is wielding a +0 short sword.
A jackal and a kobold come into view.
Found a faded altar of an unknown god.
The endoplasm quivers.
A jackal comes into view.
The endoplasm jiggles.
The endoplasm hits you.
HP[-1]
You take 1 damage, and now have 12/13 hp.
You tentacle-slap the endoplasm.
You pierce the endoplasm.
You kill the endoplasm!
Your transformation is almost over.
You catch the helpless endoplasm completely off-guard!
You tentacle-slap the endoplasm but do no damage.
The kobold shouts!
You hear a shout!
The jackal barks!
The endoplasm barely misses you.
You tentacle-slap the endoplasm.
A goblin comes into view. It is wielding a +0 club.
The jackal bites you. The endoplasm barely misses you.
HP[-1]
You take 1 damage, and now have 11/13 hp.
You barely miss the endoplasm.
You pierce the endoplasm.
You kill the endoplasm!
A bat comes into view.
The kobold closely misses you. The jackal barely misses you.
You tentacle-slap the kobold. Your grab misses the kobold.
You pierce the kobold.
You kill the kobold!
The jackal misses you.
The kobold throws a stone.
The stone hits you.
HP[-1]
You take 1 damage, and now have 10/13 hp.
You tentacle-slap the jackal but do no damage.
You grab the jackal.
You pierce the jackal.
You squeeze the jackal.
You kill the jackal!
A hobgoblin comes into view.
A kobold comes into view. It is wielding a +0 dagger.
The kobold shouts!
The hobgoblin shouts!
You tentacle-slap the kobold but do no damage.
You grab the kobold.
You constrict the kobold, but do no damage.
The bat misses you. The jackal barely misses you. The jackal misses you.
The kobold hits you with a +0 short sword.
HP[-3] MP[+1]
You take 3 damage, and now have 7/13 hp.
MASSIVE DAMAGE!! (PAUSE)
Your mp is fully restored (3).
You tentacle-slap the kobold. You constrict the kobold.
The jackal barely misses you. The jackal completely misses you.
The bat barely misses you. The jackal barely misses you.
You tentacle-slap the kobold.
You kill the kobold!
The bat hits you but does no damage. The jackal closely misses you.
The bat barely misses you. The jackal bites you.
* * * LOW HITPOINT WARNING * * *
The jackal bites you.
* * * LOW HITPOINT WARNING * * *
You are too injured to fight recklessly!
You are too injured to fight recklessly!
You are too injured to fight recklessly!
HP[-3]
You take 3 damage, and now have 4/13 hp.
MASSIVE DAMAGE!! (PAUSE)
You are too injured to fight recklessly!
You are too injured to fight recklessly!
You are too injured to fight recklessly!
You are too injured to fight recklessly!
You are too injured to fight recklessly!
You are too injured to fight recklessly!
You are too injured to fight recklessly!
You are too injured to fight recklessly!
You are too injured to fight recklessly!
The bat hits you but does no damage.
The jackal bites you but does no damage.
You closely miss the jackal. You grab the jackal.
You pierce the jackal, but do no damage.
Your tentacle spike disappears.
You constrict the jackal, but do no damage.
The bat misses you. The jackal barely misses you.
The goblin hits you with a +0 club.
* * * LOW HITPOINT WARNING * * *
The jackal bites you.
* * * LOW HITPOINT WARNING * * *
The jackal barely misses you.
HP[-3]
You take 3 damage, and now have 1/13 hp.
MASSIVE DAMAGE!! (PAUSE)
You tentacle-slap the jackal. You squeeze the jackal.
You kill the jackal!
The bat closely misses you. The goblin hits you with a +0 club.
You die...

Action                   || total
-------------------------++-------
Melee: Unarmed           ||    11
       Kick              ||     5
       Constrict         ||     3
       Tentacles         ||     2
 Cast: Beastly Appendage ||     1
 Stab: Distracted        ||     1
Armor: Skin              ||     3
Dodge: Dodged            ||    18

Levels and vault maps discovered:
D:1:      amcnicky_arrival_gap_in_the_tavern_cellar, layout_rooms,
          ebering_ecumenical_altar_box

Notes
Turn   | Place    | Note
-------+----------+-------------------------------------------
     0 | D:1      | zeratav the Octopode Transmuter began the quest for the
                  | Orb.
     0 | D:1      | Reached XP level 1. HP: 13/13 MP: 3/3
     0 | D:1      | magus.rc [v1.9.6]
    27 | D:1      | Found a faded altar of an unknown god.
    39 | D:1      | HP: 2/13 [goblin/+0 club (2)]
    40 | D:1      | Slain by a goblin

Vanquished Creatures
  2 endoplasms (D:1)
  2 jackals (D:1)
  2 kobolds (D:1)
6 creatures vanquished.

Table legend:
 A = Non-vault XP
 B = Vault XP
 C = Vault XP percentage of total XP
 D = Non-vault monster count
 E = Vault monster count
 F = Vault count percentage of total count
                 A         B        C        D         E       F
            +---------+---------+-------+---------+---------+-------
      Total |      11 |       0 |   0.0 |       6 |       0 |   0.0
            +---------+---------+-------+---------+---------+-------
        D:1 |      11 |       0 |   0.0 |       6 |       0 |   0.0
            +---------+---------+-------+---------+---------+-------

Illustrated notes

Table legend:
 A = Kills in this place as a percentage of kills in entire the game.
 B = Kills by you in this place as a percentage of kills by you in the entire game.
 C = Kills by friends in this place as a percentage of kills by friends in the entire game.
 D = Other kills in this place as a percentage of other kills in the entire game.
 E = Experience gained in this place as a percentage of experience gained in the entire game.
 F = Experience gained in this place divided by the number of levels of this place that you have seen.
                   A       B       C       D       E      F
               +-------+-------+-------+-------+-------+----------------------
         Total | 100.0 | 100.0 |   N/A |   N/A | 100.0 |  11.0
       Dungeon | 100.0 | 100.0 |   N/A |   N/A | 100.0 |  11.0
               +-------+-------+-------+-------+-------+----------------------

Table legend: (Time is in decaauts)
 A = Elapsed time spent in this place.
 B = Non-inter-level travel time spent in this place.
 C = Inter-level travel time spent in this place.
 D = Time resting spent in this place.
 E = Time spent auto-exploring this place.
 F = Levels seen in this place.
 G = Mean time per level.
                   A        B        C        D        E       F      G
               +--------+--------+--------+--------+--------+-----+--------+
         Total |     39 |     39 |      0 |      0 |     21 |   1 |   39.0 |
       Dungeon |     39 |     39 |      0 |      0 |     21 |   1 |   39.0 |
               +--------+--------+--------+--------+--------+-----+--------+

Top non-repeatable levels by time:
     D:1: 39 daAuts
